[gd_scene load_steps=8 format=2]

[ext_resource path="res://assets/models/decorations/range_hood/range_hood.gltf" type="PackedScene" id=1]
[ext_resource path="res://assets/shaders/cel.shader" type="Shader" id=2]

[sub_resource type="ShaderMaterial" id=1]
shader = ExtResource( 2 )
shader_param/use_shadow = false
shader_param/base_color = Color( 0, 0, 0, 1 )
shader_param/use_specular = false
shader_param/specular_tint = Color( 0.75, 0.75, 0.75, 0.75 )

[sub_resource type="ShaderMaterial" id=2]
shader = ExtResource( 2 )
shader_param/use_shadow = false
shader_param/base_color = Color( 0.192157, 0.254902, 0.286275, 1 )
shader_param/use_specular = false
shader_param/specular_tint = Color( 0.75, 0.75, 0.75, 0.75 )

[sub_resource type="ShaderMaterial" id=3]
shader = ExtResource( 2 )
shader_param/use_shadow = false
shader_param/base_color = Color( 0.698039, 0.698039, 0.698039, 1 )
shader_param/use_specular = false
shader_param/specular_tint = Color( 0.75, 0.75, 0.75, 0.75 )

[sub_resource type="ShaderMaterial" id=4]
shader = ExtResource( 2 )
shader_param/use_shadow = false
shader_param/base_color = Color( 0.972549, 0.0431373, 0.0431373, 1 )
shader_param/use_specular = false
shader_param/specular_tint = Color( 0.75, 0.75, 0.75, 0.75 )

[sub_resource type="ShaderMaterial" id=5]
shader = ExtResource( 2 )
shader_param/use_shadow = false
shader_param/base_color = Color( 0.976471, 0.0313726, 0.0313726, 1 )
shader_param/use_specular = false
shader_param/specular_tint = Color( 0.75, 0.75, 0.75, 0.75 )

[node name="range_hood" instance=ExtResource( 1 )]

[node name="Plane" parent="." index="0"]
material/0 = SubResource( 1 )
material/1 = SubResource( 2 )

[node name="Cylinder" parent="." index="1"]
material/0 = SubResource( 3 )
material/1 = SubResource( 4 )

[node name="Cylinder001" parent="." index="2"]
material/0 = SubResource( 3 )
material/1 = SubResource( 5 )
